 Dungeon Crawl Stone Soup version 0.30-a0-620-g0e44632947 (webtiles) character file.

Game seed: 381624012001110977

16518 Majang the Cleaver (level 12, 0/95 HPs)
             Began as a Formicid Fighter on Jan 10, 2023.
             Was a High Priest of Cheibriados.
             Succumbed to a death drake's dark miasma
             ... in a Gauntlet.
             The game lasted 00:48:40 (11783 turns).

Majang the Cleaver (Formicid Fighter)              Turns: 11783, Time: 00:48:40

Health: 0/95       AC: 12    Str: 41    XL:     12   Next: 71%
Magic:  17/17      EV: 18    Int: 21    God:    Cheibriados [*****.]
Gold:   649        SH:  9    Dex: 33    Spells: 11/11 levels left

rFire   . . .      SeeInvis +    a - +3 war axe (flame)
rCold   + . .      Faith    .    c - +0 buckler
rNeg    . . .      Spirit   .    z - +2 ring mail {rC+}
rPois   .          Reflect  .    (helmet unavailable)
rElec   .          Harm     .    B - scarf {repulsion}
rCorr   .          Rampage  .    C - +0 pair of fencer's gloves {Riposte Dex+3}
Will    +....                    j - +1 pair of boots
Stlth   ++                       o - amulet of the acrobat
HPRegen 0.35/turn                M - +6 ring of strength
MPRegen 0.15/turn                N - +6 ring of dexterity

@: lethally poisoned (0 -> -23), studying Throwing, repel missiles, very slow
A: permanent stasis, dig shafts and tunnels, antennae 3, four strong arms
a: Dig, Renounce Religion, Bend Time, Temporal Distortion, Slouch, Step From
Time


You were in a Gauntlet.
You worshipped Cheibriados.
Cheibriados was extremely pleased with you.
You visited 3 branches of the dungeon, and saw 12 of its levels.
You also visited: Gauntlet.

You collected 694 gold pieces.
You spent 45 gold pieces at shops.

Inventory:

Hand Weapons
 a - a +3 war axe of flaming (weapon)
 b - a +2 whip of holy wrath
 i - a +2 antimagic whip
 E - a +0 broad axe
Missiles
 l - 89 stones
 s - 5 boomerangs
 u - 33 poisoned darts (quivered)
 S - a throwing net
Armour
 c - a +0 buckler (worn)
 g - the +4 skin of Zhor {*Englaciate rC+++ SInv}
   (You found it on level 1 of the Lair of Beasts)

   It radiates cold, occasionally slowing all nearby creatures who are not
   resistant to cold.
   rC:        It renders you almost immune to cold.
   SInv:      It lets you see invisible.
 j - a +1 pair of boots (worn)
 n - +0 steam dragon scales
 z - a +2 ring mail of cold resistance (worn)
 A - a +2 leather armour of poison resistance
 B - a scarf of repulsion (worn)
 C - the +0 pair of fencer's gloves (worn) {Riposte Dex+3}
   (You acquired it on level 5 of the Dungeon)

   It allows the wearer to riposte with melee weapons, swiftly retaliating
   against missed or blocked melee attacks.
   Dex:       It affects your dexterity (+3).
 F - a +0 plate armour
 H - a +2 cloak
Jewellery
 o - an amulet of the acrobat (around neck)
 t - the amulet "Adodghid" {Acrobat Will- Str+2 Stlth+}
   (You found it in a Gauntlet)

   [amulet of the acrobat]

   It increases your evasion while moving and waiting.
   Str:       It affects your strength (+2).
   Will:      It decreases your willpower.
   Stlth:     It makes you more stealthy.
 y - a ring of fire
 J - a ring of resist corrosion
 M - a +6 ring of strength (left hand)
 N - a +6 ring of dexterity (right hand)
Wands
 v - a wand of polymorph (1)
 I - a wand of mindburst (16)
 O - a wand of iceblast (5)
 Q - a wand of flame (11)
Scrolls
 e - 3 scrolls of enchant armour
 q - a scroll of magic mapping
 w - a scroll of fog
 D - 4 scrolls of identify
Potions
 d - 2 potions of might
 f - 5 potions of lignification
 h - 2 potions of flight
 k - 5 potions of curing
 p - 3 potions of attraction
 r - a potion of mutation
 x - a potion of invisibility
 G - 2 potions of magic
 L - 2 potions of ambrosia
 P - a potion of cancellation
Miscellaneous
 m - a box of beasts


   Skills:
 + Level 9.0 Fighting
 * Level 11.2 Axes
 + Level 9.6 Throwing
 + Level 8.3 Armour
 + Level 6.1 Dodging
 + Level 9.7 Shields
 + Level 7.2 Invocations


You had 11 spell levels left.
You didn't know any spells.
Your spell library contained the following spells:

 Spells                   Type           Power      Damage    Failure   Level
 Apportation              Tloc           0%         N/A       26%         1
 Foxfire                  Conj/Fire      0%         2x1d4     26%         1
 Necrotise                Necr           0%         1d4       26%         1
 Summon Small Mammal      Summ           0%         N/A       26%         1
 Ensorcelled Hibernation  Hex/Ice        0%         N/A       36%         2
 Passwall                 Tmut/Erth      0%         N/A       36%         2
 Dazzling Flash           Conj/Hex       0%         N/A       61%         3
 Iskenderun's Mystic Bla  Conj/Tloc      0%         2d3       95%         4
 Manifold Assault         Tloc           0%         N/A       95%         4
 Fireball                 Conj/Fire      0%         3d3       100%        5
 Freezing Cloud           Conj/Ice/Air   0%         6-21      100%        5
 Simulacrum               Ice/Necr       0%         N/A       100%        6
 Starburst                Conj/Fire      0%         6d3       100%        6
 Storm Form               Tmut/Air       0%         N/A       100%        7
 Polar Vortex             Ice            0%         N/A       100%        9
 Blink                    Tloc           Unusable   N/A       N/A         2
 Swiftness                Air            Unusable   N/A       N/A         3

Dungeon Overview and Level Annotations

Branches:
Dungeon (9/15)             Temple (1/1) D:6            Lair (2/5) D:9
    Orc (0/2) D:9         Gauntlet (1/1)
  Swamp: Lair:2-3    Shoals: Lair:2-3     Snake: Lair:2-3    Spider: Lair:2-3

Altars:
Ashenzari
Cheibriados
Dithmenos
Elyvilon
Fedhas
Gozag
Hepliaklqana
Kikubaaqudgha
Makhleb
Nemelex Xobeh
Qazlal
Ru
Sif Muna
Trog
Uskayaw
Vehumet
Wu Jian
Xom
Yredelemnul
Zin
The Shining One

Shops:
D:5 *   D:6 =

Annotations:
Gauntlet 11 transporters, exclusion: oklob plant


Innate Abilities, Weirdness & Mutations

You cannot be hasted, slowed, berserked, paralysed or teleported.
You can dig through walls and to a lower floor.
You have a pair of large antennae on your head. (SInv)
Your four strong arms can wield two-handed weapons with a shield.


Message History

Your stasis prevents you from being slowed.
You feel very sick. The death drake breathes miasma at you.
The foul vapour engulfs you but does no damage.
You hit the death drake. You burn the death drake.
The death drake is severely wounded.
You are engulfed in dark miasma.
You are more poisoned.
You feel extremely sick.
The death drake bites you but does no damage.
You barely miss the death drake.
The death drake is severely wounded.
You feel very sick. You block the death drake's attack.
You hit the death drake but do no damage.
The death drake is severely wounded.
You feel very sick.
The death drake bites you but does no damage.
You block the death drake's attack.
You hit the death drake. You burn the death drake.
The death drake is severely wounded.
You feel very sick. The death drake bites you.
You slash the death drake! You burn the death drake.
The death drake is almost dead.
You feel very sick. The death drake breathes miasma at you.
The foul vapour engulfs you!!
You are lethally poisoned!
* * * LOW HITPOINT WARNING * * *
You feel better.
You are engulfed in dark miasma.
You are lethally poisoned!
* * * LOW HITPOINT WARNING * * *
x2 You feel very sick.
You block the death drake's attack.
Okay, then.
You feel better.
You are engulfed in dark miasma.
You are lethally poisoned!
* * * LOW HITPOINT WARNING * * *
You die...

..##.##..#.#..........#8#
.........#.#..........#####
##########.#########.....≈###
≈≈≈§8≈≈≈≈#........©#......#8#
##########.#############..###
......#XX#.#.#.##.##.###..#
.....#..X#.#.#°##°##.###..#
#....#..x#.#.#°°k#..#..#..#####
.##.#...!#.#.###@##.##.#..#≈8≈#
...###..©#©#.###°##.##.#..#...#
...©#.##[###.#.°°°...#.####.8.#
...#....##...##.#####.##©.....#
X..#X....#...##.##Z##.#####.8.#
x.#..x..$#...#..("©$...#..#...#
##########...###########..#.8.#
...........≈............§≈#...#.
..........≈8≈............∩#.8....


You could see a death drake (catching breath) and a centaur warrior zombie.

Vanquished Creatures
  A dire elephant (Gauntlet)
  A catoblepas (Lair:2)
  A two-headed ogre (D:8)
  A wizard (Gauntlet)
  11 elephants
  A black mamba (Lair:1)
  A cane toad (Lair:1)
  A torpor snail (Lair:1)
  5 rime drakes (Lair:1)
  3 komodo dragons
  A troll (D:9)
  A meliai zombie (Gauntlet)
  2 hornets
  2 wyverns
  3 yaks (Lair:1)
  A vampire (D:9)
  A wraith (D:9)
  2 basilisks
  2 steam dragons
  Menkaure (D:6)
  6 water moccasins
  A swamp drake (D:9)
  4 orc warriors
  A sky beast (D:6)
  An ice beast (D:6)
  6 wolves
  A black bear (D:4)
  The ghost of Opifex the Trooper, an amateur DsFi (D:3)
  5 ogres
  2 centaurs (D:9)
  A phantom (D:4)
  2 kobold brigands (D:9)
  8 bullfrogs
  A scorpion (D:3)
  2 gnoll sergeants (D:8)
  6 howler monkeys
  2 electric eels (D:9)
  15 hounds
  Crazy Yiuf (D:6)
  2 gnoll boudas
  6 orc priests
  A jelly (D:8)
  2 iguanas (D:6)
  Terence (D:2)
  16 orc wizards
  Natasha (thrice) (D:2)
  15 gnolls
  4 adders
  2 white imps (Gauntlet)
  An ufetubus (D:4)
  2 worms (D:4)
  2 dart slugs (D:2)
  44 orcs
  10 ball pythons
  3 endoplasms
  2 giant cockroaches
  8 goblins
  2 hobgoblins
  7 jackals
  5 quokkas
  7 bats
  7 frilled lizards (D:1)
  9 kobolds
  3 rats
272 creatures vanquished.

Vanquished Creatures (others)
  4 fungi
  26 plants
  3 withered plants (Gauntlet)
33 creatures vanquished.

Grand Total: 305 creatures vanquished

Notes
Turn   | Place    | Note
-------+----------+-------------------------------------------
     0 | D:1      | Majang the Formicid Fighter began the quest for the Orb.
     0 | D:1      | Reached XP level 1. HP: 18/18 MP: 1/1
   125 | D:1      | Reached XP level 2. HP: 24/24 MP: 2/2
   600 | D:1      | Reached XP level 3. HP: 30/30 MP: 3/3
   629 | D:1      | Reached skill level 3 in Axes
  1155 | D:2      | Noticed Terence
  1160 | D:2      | Killed Terence
  1161 | D:2      | Reached XP level 4. HP: 37/37 MP: 4/4
  1330 | D:2      | Noticed Natasha
  1347 | D:2      | Killed Natasha
  1348 | D:2      | Reached skill level 4 in Axes
  1348 | D:2      | Reached XP level 5. HP: 42/42 MP: 5/5
  1627 | D:2      | Noticed Natasha
  1635 | D:2      | Killed Natasha
  1883 | D:2      | Noticed Natasha
  1894 | D:2      | Killed Natasha
  1921 | D:3      | Reached skill level 5 in Axes
  1921 | D:3      | Reached XP level 6. HP: 50/50 MP: 6/6
  2176 | D:3      | Noticed Opifex's ghost (amateur DsFi)
  2176 | D:3      | Noticed an ogre
  2177 | D:3      | Noticed an ogre
  2178 | D:3      | Found a transporter.
  2178 | D:3      | Noticed an ogre
  2180 | D:3      | Found a transporter.
  2413 | D:3      | Found a hazy altar of Hepliaklqana.
  2417 | D:3      | Found a basalt altar of Yredelemnul.
  2417 | D:3      | Found a bloodstained altar of Trog.
  3024 | D:4      | Identified a scroll of acquirement
  3024 | D:4      | Acquired a manual of Throwing
  3352 | D:4      | Found a stormy altar of Qazlal.
  3473 | D:4      | Reached skill level 5 in Fighting
  3597 | D:4      | Reached skill level 1 in Throwing
  3597 | D:4      | Reached XP level 7. HP: 46/55 MP: 7/7
  3810 | D:4      | Reached skill level 1 in Dodging
  4282 | D:4      | Identified the +4 spear "Dorgh" {protect, Str+4}
  4350 | D:4      | You fall into a shaft and drop 1 floor!
  4350 | D:5      | Entered Level 5 of the Dungeon
  4426 | D:5      | Reached skill level 6 in Axes
  4426 | D:5      | Reached XP level 8. HP: 38/63 MP: 8/8
  4685 | D:5      | Found a shimmering altar of Xom.
  4790 | D:5      | Reached skill level 5 in Shields
  5023 | D:5      | Found Cagif's General Store.
  5375 | D:5      | Bought a potion of curing for 45 gold pieces
  5458 | D:5      | Acquired the +0 pair of fencer's gloves {Riposte Dex+3}
  5458 | D:5      | Found the +0 pair of fencer's gloves {Riposte Dex+3}
  5897 | D:6      | Found Hircheosh's Jewellery Shoppe.
  5987 | D:6      | Found a runed translucent door.
  5988 | D:6      | Noticed Crazy Yiuf
  5993 | D:6      | Killed Crazy Yiuf
  6308 | D:6      | Found an ornate altar of the Wu Jian Council.
  6332 | D:6      | Found a staircase to the Ecumenical Temple.
  6341 | Temple   | Entered the Ecumenical Temple
  6495 | Temple   | Became a worshipper of Cheibriados the Contemplative
  6527 | D:6      | Noticed Menkaure
  6534 | D:6      | Reached skill level 7 in Axes
  6534 | D:6      | Reached XP level 9. HP: 8/69 MP: 9/9
  6535 | D:6      | Reached skill level 1 in Invocations
  6734 | D:6      | Killed Menkaure
  6735 | D:6      | Reached skill level 5 in Armour
  7429 | D:7      | Reached skill level 5 in Throwing
  7685 | D:8      | Reached * piety under Cheibriados
  7802 | D:8      | Noticed a two-headed ogre
  7807 | D:8      | Killed a two-headed ogre
  7808 | D:8      | Reached skill level 8 in Axes
  7944 | D:8      | Reached XP level 10. HP: 73/77 MP: 12/12
  8003 | D:8      | Found a glowing silver altar of Zin.
  8093 | D:8      | Reached ** piety under Cheibriados
  8604 | D:3      | Killed Opifex's ghost
  8977 | D:9      | Reached skill level 9 in Axes
  9290 | D:9      | Found a staircase to the Lair.
  9308 | D:9      | Reached *** piety under Cheibriados
  9610 | D:9      | Reached XP level 11. HP: 82/84 MP: 14/14
  9731 | D:9      | Found a staircase to the Orcish Mines.
  9735 | D:9      | Reached skill level 5 in Invocations
  9894 | Lair:1   | Entered Level 1 of the Lair of Beasts
  9984 | Lair:1   | Reached skill level 5 in Dodging
  9993 | Lair:1   | Reached **** piety under Cheibriados
 10023 | Lair:1   | Found the +4 skin of Zhor {*Englaciate rC+++ SInv}
 10134 | Lair:1   | Reached skill level 10 in Axes
 10192 | Lair:1   | Found a hide-covered altar of Uskayaw.
 10796 | Lair:2   | Noticed an elephant
 10804 | Lair:2   | Killed an elephant
 10804 | Lair:2   | Noticed an elephant
 10805 | Lair:2   | Reached XP level 12. HP: 68/94 MP: 16/16
 10914 | Lair:2   | Reached ***** piety under Cheibriados
 10923 | Lair:2   | Reached skill level 11 in Axes
 10944 | Lair:2   | Noticed a catoblepas
 10954 | Lair:2   | Killed a catoblepas
 11060 | Lair:2   | Found a gate leading to a gauntlet.
 11066 | Gauntlet | Entered a Gauntlet
 11066 | Gauntlet | Found a transporter.
 11066 | Gauntlet | Found a transporter.
 11073 | Gauntlet | Found a transporter.
 11080 | Gauntlet | Found a transporter.
 11085 | Gauntlet | Noticed a dire elephant
 11095 | Gauntlet | Noticed a ghost crab
 11099 | Gauntlet | Found a transporter.
 11103 | Gauntlet | Found a transporter.
 11115 | Gauntlet | Noticed a death drake
 11116 | Gauntlet | Found a transporter.
 11119 | Gauntlet | Found a transporter.
 11127 | Gauntlet | Found a transporter.
 11135 | Gauntlet | Noticed a blizzard demon
 11159 | Gauntlet | Found a transporter.
 11166 | Gauntlet | Found a transporter.
 11201 | Gauntlet | Found a transporter.
 11240 | Gauntlet | Found a transporter.
 11254 | Gauntlet | Found the amulet of the Four Winds {rN+ Will+++ Clar}
 11256 | Gauntlet | Found a transporter.
 11367 | Gauntlet | Found a transporter.
 11384 | Gauntlet | Found a transporter.
 11619 | Gauntlet | Killed a dire elephant
 11732 | Gauntlet | Identified the amulet "Adodghid" {Acrobat Will- Str+2
                  | Stlth+}
 11782 | Gauntlet | HP: 4/95 [poisoned by a death drake (dark miasma)]
 11783 | Gauntlet | Succumbed to a death drake's dark miasma

Illustrated notes

Levels and vault maps discovered:
D:1:      amcnicky_arrival_flooded_fountain, layout_loops_corners,
          nicolae_hexahallways
D:2:      layout_basic, uniq_terence, uniq_natasha
D:3:      layout_loops_corners, minitemple, gammafunk_ghost_smash
D:4:      layout_gridville, nicolae_qazlal_general_emergency
D:5:      layout_loops_corners, kennysheep_little_box, serial_glass,
          glass_columns_a, glass_columns_b, minmay_stone_trees_small,
          nicolae_stop_n_shop_1
D:6:      layout_loops_ring, nicolae_wu_jian_glorious_leap, temple_fountains,
          serial_shops, shop, eino_tiny_chamber, uniq_menkaure,
          uniq_crazy_yiuf_cottage
D:7:      layout_basic, serial_glass, glass_columns_a, glass_columns_b
D:8:      layout_basic, zin_scriptorium, serial_rivers,
          chequers_serial_rivers_small_a, chequers_serial_rivers_large_a,
          chequers_serial_rivers_marsh, chequers_serial_rivers_room_b,
          ebering_dispersal_statue_hall, nicolae_grassy_gnolls
D:9:      layout_basic, erik_lair_island, erik_orc_1, kennysheep_boxes
Temple:   nicolae_temple_great_sept
Lair:1:   layout_roguey, basic_altar, hellmonk_guarded_unrand_zhor
Lair:2:   layout_loops_ring, gauntlet_entry_generic, eino_house_with_fridge,
          grunt_megastairs_5, serial_bayou_shore_b
Gauntlet: gammafunk_gauntlet_branching [nicolae_gauntlet_arena_x,
          nicolae_gauntlet_arena_grate_2, nicolae_gauntlet_arena_quarters,
          nicolae_gauntlet_swirl, gammafunk_gauntlet_arena_mazey,
          gammafunk_gauntlet_arena_teeth, gammafunk_gauntlet_arena_crates,
          gammafunk_gauntlet_arena_grid, dreamdust_gauntlet_exit_labyrinth]

Skill      XL: |  1  2  3  4  5  6  7  8  9 10 11 12 |
---------------+-------------------------------------+-----
Axes           | 3 4 5 6 7 8 9 10 11 | 11.2
Fighting       | 4 5 6 7 8 9 |  9.0
Throwing       | 1 2 4 5 7 8 9 |  9.6
Dodging        | 1 2 3 4 5 6 |  6.1
Armour         | 4 5 6 7 8 |  8.3
Shields        | 5 6 7 9 |  9.7
Invocations    | 3 4 6 7 |  7.2

Action                   |  1- 3 |  4- 6 |  7- 9 | 10-12 || total
-------------------------+-------+-------+-------+-------++-------
Melee: War axe           |    93 |   113 |   219 |   283 ||   708
       Whip              |       |       |     3 |       ||     3
Throw: Stone             |       |       |     5 |       ||     5
       Boomerang         |       |       |       |     6 ||     6
 Abil: Dig               |       |     2 |     2 |     5 ||     9
Evoke: Wand              |       |       |       |     6 ||     6
  Use: Scroll            |       |     9 |     5 |    12 ||    26
       Potion            |       |       |     2 |     4 ||     6
 Stab: Sleeping          |       |       |     2 |     3 ||     5
       Confused          |       |       |       |     1 ||     1
Armor: Scale mail        |    40 |    33 |       |       ||    73
       Chain mail        |       |    23 |    36 |       ||    59
       Leather armour    |       |       |    35 |    39 ||    74
       Ring mail         |       |       |       |     3 ||     3
Dodge: Dodged            |    59 |    38 |    92 |   175 ||   364
       Repelled          |       |       |     1 |     5 ||     6
Block: Buckler           |    26 |    24 |    44 |   112 ||   206
       Rpst.: War axe    |       |       |    23 |    75 ||    98

Table legend: (Time is in decaauts)
 A = Elapsed time spent in this place.
 B = Non-inter-level travel time spent in this place.
 C = Inter-level travel time spent in this place.
 D = Time resting spent in this place.
 E = Time spent auto-exploring this place.
 F = Levels seen in this place.
 G = Mean time per level.
                   A        B        C        D        E       F      G
               +--------+--------+--------+--------+--------+-----+--------+
         Total |  13735 |  12688 |   1047 |   1927 |   6146 |  13 | 1056.5 |
       Dungeon |  10629 |   9704 |    925 |   1264 |   5641 |   9 | 1181.0 |
        Temple |    367 |    367 |      0 |    189 |      0 |   1 |  367.0 |
          Lair |   1642 |   1521 |    121 |    275 |    504 |   2 |  821.0 |
      Gauntlet |   1096 |   1096 |      0 |    199 |      0 |   1 | 1096.0 |
               +--------+--------+--------+--------+--------+-----+--------+

Top non-repeatable levels by time:
     D:9: 1589 daAuts
     D:3: 1585 daAuts
     D:4: 1328 daAuts
  Lair:1: 1272 daAuts
     D:5: 1208 daAuts
     D:8: 1128 daAuts
Gauntlet: 1096 daAuts
     D:6: 1071 daAuts
     D:1: 1053 daAuts
     D:2: 986 daAuts
     D:7: 678 daAuts
  Lair:2: 370 daAuts
  Temple: 367 daAuts
